Map: Ephemeron LE

Players

Solar

  • Race: Zerg Zerg
  • Spawn Location: 11:00

INnoVation - Winner!

  • Race: Terran Terran
  • Spawn Location: 5:00

Event: IEM Katowice 2020

VOD

Have the link to the VOD?

Description

Time

  • Played on: Feb. 28, 2020, 6:17 a.m.
  • Length: 3:10

All games in this series

Show
View Real Time Build Order
Export as new Build Order

Solar Zerg 

Build Orders: Hatch First 

Get SALT Encoding   

  12  0:01  Drone  
  13  0:12  Overlord  
  13  0:16  Drone  
  14  0:31  Drone x2  
  16  0:48  Hatchery  
  15  0:51  Drone  
  15  0:55  Drone  
  17  0:58  Drone  
  18  1:09  Extractor  
  17  1:14  Spawning Pool  
  17  1:17  Drone  
  17  1:20  Drone  
  18  1:28  Drone  
  19  2:00  Zergling x2  
  20  2:01  Zergling x6, Queen  
  25  2:10  Spine Crawler  
  25  2:12  Zergling x2  
  25  2:14  Zergling x2  
  26  2:25  Zergling x2  
  19  2:37  Zergling x4  
  20  2:45  Zergling x2  
  20  2:49  Zergling x2  
  20  2:52  Zergling x2  
Show
View Real Time Build Order
Export as new Build Order

INnoVation Terran - Winner!

Build Orders:  

Get SALT Encoding   

  12  0:00  SCV  
  13  0:12  SCV  
  14  0:17  Supply Depot  
  14  0:24  SCV  
  15  0:39  Barracks  
  15  0:51  Barracks  
  15  1:05  Barracks  
  15  1:09  SCV  
  16  1:26  Marine  
  16  1:27  Orbital Command  
  17  1:38  Marine  
  18  1:40  Supply Depot  
  18  1:44  Marine  
  19  1:51  Marine  
  20  1:56  Marine  
  21  2:02  Marine  
  22  2:10  Bunker  
  22  2:12  Marine  
  22  2:14  Marine  
  24  2:20  Marine, Bunker  
  25  2:30  Marine  
  25  2:31  Marine  
  24  2:40  SCV  
  22  2:48  Marine x2  
  22  2:49  Marine  
  25  2:52  SCV  
  25  3:04  Supply Depot  

Tags
 
Add a new tag
Caveats
  • Supply blocks, unpowered buildings, or Contaminate may cause inaccurate times.
  • Supply counts are checked every 10 seconds.